 Dungeon Crawl Stone Soup version 0.30.1-11-g7821555f0a (webtiles) character file.

Game seed: 2359833223301537575

17053 monsoonserge the Carver (level 12, -6/71 HPs)
             Began as a Tengu Reaver on Jan 11, 2024.
             Was a High Priest of Okawaru.
             Mangled by an eight-headed hydra (10 damage)
             ... on level 3 of the Lair of Beasts.
             The game lasted 00:35:00 (11300 turns).

monsoonserge the Carver (Tengu Reaver)             Turns: 11300, Time: 00:35:01

Health: -6/71      AC: 22    Str: 13    XL:     12   Next: 44%
Magic:  17/17      EV:  9    Int: 13    God:    Okawaru [*****.]
Gold:   745        SH: 11    Dex: 18    Spells: 14/15 levels left

rFire   . . .        U - +4 scimitar
rCold   . . .        I - +0 kite shield
rNeg    . . .        P - +8 chain mail of the Big Bang {Rampage Int-3 Dex+3 Stlth+}
rPois   .            (helmet restricted)
rElec   .            G - +0 cloak
rCorr   .            T - +0 pair of gloves
SInv    .            (boots unavailable)
Will    .....        R - amulet of regeneration
Stlth   +            (no ring)
HPRegen 1.11/turn    (no ring)
MPRegen 0.15/turn

%: rampage
@: flying quickly and evasively, quick
A: beak, talons 3, nimble flight
a: Renounce Religion, Heroism, Finesse, Duel


You were on level 3 of the Lair of Beasts.
You worshipped Okawaru.
Okawaru was extremely pleased with you.
You visited 3 branches of the dungeon, and saw 16 of its levels.

You collected 745 gold pieces.

Inventory:

Hand Weapons
 H - a +3 long sword of freezing
 U - a +4 scimitar (weapon)
Missiles
 c - 6 javelins
 f - 12 poisoned darts (quivered)
 x - 2 atropa-tipped darts
 y - 2 throwing nets
 A - 7 boomerangs
 X - 3 curare-tipped darts
 Y - 2 silver javelins
Armour
 n - +0 swamp dragon scales
 G - a +0 cloak (worn)
 I - a +0 kite shield (worn)
 P - the +8 chain mail of the Big Bang (worn) {Rampage Int-3 Dex+3 Stlth+}
   (You found it on level 7 of the Dungeon)

   Int:       It affects your intelligence (-3).
   Dex:       It affects your dexterity (+3).
   Rampage:   It bestows one free step when moving towards enemies.
   Stlth:     It makes you more stealthy.
 T - a +0 pair of gloves (worn)
Jewellery
 l - an amulet of guardian spirit
 p - a ring of ice
 Q - an amulet of magic regeneration
 R - an amulet of regeneration (around neck)
 V - a ring of wizardry
Wands
 t - a wand of mindburst (41)
 C - a wand of flame (7)
 D - a wand of digging (7)
 L - a wand of iceblast (13)
 W - a wand of light (6)
Scrolls
 b - 3 scrolls of amnesia {unknown}
 d - 4 scrolls of vulnerability {unknown}
 e - 3 scrolls of enchant armour {unknown}
 i - 3 scrolls of teleportation {unknown}
 m - 3 scrolls of poison {unknown}
 s - 2 scrolls of torment
 u - a scroll of fog {unknown}
 z - 3 scrolls of immolation {unknown}
 B - a scroll of butterflies {unknown}
 J - a scroll of silence {unknown}
 K - a scroll of enchant weapon {unknown}
 M - 4 scrolls of magic mapping {unknown}
 S - 2 scrolls of blinking
 Z - a scroll of fear {unknown}
Potions
 a - a potion of ambrosia {unknown}
 g - 4 potions of curing
 h - 2 potions of haste
 j - a potion of brilliance {unknown}
 k - a potion of magic {unknown}
 o - 3 potions of heal wounds
 q - 5 potions of attraction {unknown}
 v - a potion of berserk rage {unknown}
 w - 2 potions of invisibility {unknown}
 E - a potion of mutation {unknown}
 F - 2 potions of might {unknown}
 N - a potion of resistance {unknown}


   Skills:
 + Level 6.7 Fighting
 - Level 2.0(8.5) Short Blades
 * Level 12.8(12.9) Long Blades
 - Level 4.4 Maces & Flails
 + Level 3.9 Throwing
 + Level 9.1 Armour
 + Level 6.1 Dodging
 - Level 2.0 Stealth
 + Level 6.3 Shields
 - Level 2.0 Spellcasting
 + Level 4.8 Conjurations
 + Level 0.8 Necromancy
 * Level 6.1 Invocations


You had 14 spell levels left.
You knew the following spells:

 Your Spells              Type           Power      Damage    Failure   Level
a - Kiss of Death         Conj/Necr      32%        2d7       97%         1

Your spell library contained the following spells:

 Spells                   Type           Power      Damage    Failure   Level
 Momentum Strike          Conj/Tloc      14%        3d8       99%         2
 Beastly Appendage        Tmut           2%         N/A       100%        1
 Necrotise                Necr           12%        1d4       100%        1
 Sandblast                Erth           2%         2d4       100%        1
 Ensorcelled Hibernation  Hex/Ice        2%         N/A       100%        2
 Passwall                 Tmut/Erth      0%         N/A       100%        2
 Wereblood                Tmut           1%         N/A       100%        2
 Hailstorm                Conj/Ice       7%         3d4       100%        3
 Portal Projectile        Hex/Tloc       2%         N/A       100%        3
 Spider Form              Tmut/Pois      1%         N/A       100%        3
 Stone Arrow              Conj/Erth      14%        3d7       100%        3
 Swiftness                Air            1%         N/A       100%        3
 Vampiric Draining        Necr           3%         2d6       100%        3
 Leda's Liquefaction      Hex/Erth       0%         N/A       100%        4
 Agony                    Necr           3%         N/A       100%        5
 Blade Hands              Tmut           0%         N/A       100%        5
 Iron Shot                Conj/Erth      3%         9d2       100%        6
 Lehudib's Crystal Spear  Conj/Erth      3%         10d3      100%        8
 Summon Small Mammal      Summ           Unusable   N/A       N/A         1
 Call Canine Familiar     Summ           Unusable   N/A       N/A         3
 Summon Guardian Golem    Hex/Summ       Unusable   N/A       N/A         3
 Animate Armour           Summ/Erth      Unusable   N/A       N/A         4

Dungeon Overview and Level Annotations

Branches:
Dungeon (12/15)            Temple (1/1) D:5            Lair (3/5) D:9
    Orc (0/2) D:11
  Swamp: Lair:2-3    Shoals: Lair:2-3     Snake: Lair:2-3    Spider: Lair:2-3

Altars:
Ashenzari
Cheibriados
Dithmenos
Elyvilon
Fedhas
Gozag
Hepliaklqana
Kikubaaqudgha
Makhleb
Nemelex Xobeh
Okawaru
Qazlal
Ru
Sif Muna
Trog
Uskayaw
Vehumet
Wu Jian
Xom
Yredelemnul
Zin
The Shining One

Annotations:
D:8 3 runed translucent doors, VoidStrider's ghost, novice OpEE; dcgrp's ghost, novice MeEE


Innate Abilities, Weirdness & Mutations

You have a beak for a mouth.
You have claws for feet.
Your magical nature lets you fly swiftly and evasively.


Message History

The mass of ice explodes!
The iceblast engulfs the eight-headed hydra!
The eight-headed hydra is heavily wounded.
The eight-headed hydra bites you but does no damage.
You block the eight-headed hydra's attack.
The eight-headed hydra barely misses you.
The eight-headed hydra closely misses you. x2
The eight-headed hydra bites you.
You block the eight-headed hydra's attack.
The eight-headed hydra bites you but does no damage.
Aiming: Bolt of Light
Press: ? - help, Shift-Dir - straight line, f - eight-headed hydra
Aim: an eight-headed hydra (heavily wounded, 90% to hit)
The bolt of light hits the eight-headed hydra!!
The eight-headed hydra is severely wounded.
The eight-headed hydra is blinded.
The eight-headed hydra bites you but does no damage.
You block the eight-headed hydra's attack.
The eight-headed hydra barely misses you.
The eight-headed hydra bites you.
You block the eight-headed hydra's attack.
The eight-headed hydra closely misses you.
The eight-headed hydra bites you!
* * * LOW HITPOINT WARNING * * *
The eight-headed hydra bites you but does no damage.
A water moccasin comes into view.
The water moccasin hisses angrily.
Aiming: Mindburst
Press: ? - help, Shift-Dir - straight line, f/p - eight-headed hydra
Aim: an eight-headed hydra (severely wounded, blind, chance to affect: 29%)
The eight-headed hydra easily resists.
The water moccasin closely misses you.
The water moccasin bites you but does no damage.
The eight-headed hydra bites you but does no damage.
You block the eight-headed hydra's attack.
The eight-headed hydra bites you.
* * * LOW HITPOINT WARNING * * *
The eight-headed hydra bites you!
* * * LOW HITPOINT WARNING * * *
The eight-headed hydra bites you!
You die...

##.###..#..##
#...........# ##
#...........#
.###..##.^.........##
..<.....!<..........#
..####.............#
#.#............
...#.....S...[.#
#....###.@..#####
#~~.. ##>D..#
~#~#..###.#..#####
~~~##.......$.....#
~~ ............##
#............#
#............#
.............#
.............#


You could see an eight-headed hydra (blind) and a water moccasin.

Vanquished Creatures
  Snorg (D:10)
  A catoblepas (Lair:2)
  A boulder beetle (Lair:2)
  3 two-headed ogres
  A manticore (D:8)
  6 elephants (Lair:1)
  An unseen horror (D:10)
  A cane toad (Lair:1)
  2 gargoyles
  3 komodo dragons
  A polar bear (Lair:1)
  A troll (D:11)
  4 blink frogs (Lair:1)
  A wyvern (D:8)
  A shadow (D:11)
  16 yaks
  A vampire (D:10)
  A steam dragon (D:10)
  An acid dragon (D:10)
  3 water moccasins
  A sky beast (D:7)
  3 black bears
  5 orc warriors
  An ice beast (D:6)
  11 wolves
  3 centaurs
  8 bullfrogs
  2 gnoll sergeants
  4 scorpions
  15 wights
  5 killer bees (D:9)
  4 howler monkeys
  6 hounds
  5 orc priests
  A gnoll bouda (D:8)
  Jessica (D:2)
  3 iguanas
  A sleepcap (D:6)
  6 orc wizards
  4 gnolls
  8 adders
  2 shadow imps
  A white imp (D:6)
  An ufetubus (D:5)
  A worm (D:3)
  13 orcs
  9 ball pythons
  5 bats
  6 endoplasms
  3 giant cockroaches
  5 goblins
  8 hobgoblins
  4 jackals (D:3)
  2 quokkas
  2 frilled lizards
  14 kobolds
  8 rats
231 creatures vanquished.

Vanquished Creatures (others)
  A butterfly (D:5)
1 creature vanquished.

Grand Total: 232 creatures vanquished

Notes
Turn   | Place    | Note
-------+----------+-------------------------------------------
     0 | D:1      | monsoonserge the Tengu Reaver began the quest for the Orb.
     0 | D:1      | Reached XP level 1. HP: 12/12 MP: 4/4
   111 | D:1      | Reached XP level 2. HP: 17/17 MP: 6/6
   932 | D:2      | Noticed Jessica
   937 | D:2      | Killed Jessica
   938 | D:2      | Reached skill level 1 in Stealth
   938 | D:2      | Reached XP level 3. HP: 15/22 MP: 4/7
  1137 | D:2      | Reached XP level 4. HP: 23/25 MP: 8/8
  1397 | D:2      | Reached skill level 1 in Armour
  1584 | D:2      | Gained mutation: Your magical nature lets you fly swiftly
                  | and evasively. [Tengu growth]
  1584 | D:2      | Reached XP level 5. HP: 29/30 MP: 9/9
  1617 | D:3      | Found a broken altar of Ashenzari.
  1881 | D:3      | Found a glowing golden altar of the Shining One.
  1887 | D:3      | Noticed an angel
  1929 | D:3      | Found a sacrificial altar of Ru.
  1953 | D:3      | Became a worshipper of Ru the Awakened
  2019 | D:3      | Found a bloodstained altar of Trog.
  2132 | D:3      | Reached XP level 6. HP: 37/37 MP: 10/10
  2186 | D:3      | Found a basalt altar of Yredelemnul.
  2188 | D:3      | Noticed a profane servitor
  2283 | D:3      | Reached skill level 1 in Short Blades
  2831 | D:4      | Found a sparkling altar of Nemelex Xobeh.
  3135 | D:5      | Entered Level 5 of the Dungeon
  3237 | D:5      | Found a white marble altar of Elyvilon.
  3252 | D:5      | Reached XP level 7. HP: 36/36 MP: 11/11
  3283 | D:5      | Found a staircase to the Ecumenical Temple.
  3299 | Temple   | Entered the Ecumenical Temple
  3321 | Temple   | Fell from the grace of Ru
  3321 | Temple   | Became a worshipper of Warmaster Okawaru
  3404 | D:5      | Found a shimmering altar of Xom.
  3409 | D:5      | Found a shadowy altar of Dithmenos.
  3409 | D:5      | Found an ancient bone altar of Kikubaaqudgha.
  3478 | D:5      | Reached skill level 1 in Long Blades
  3930 | D:6      | Reached skill level 2 in Long Blades
  4037 | D:6      | Reached * piety under Okawaru
  4038 | D:6      | Reached skill level 5 in Armour
  4038 | D:6      | Reached XP level 8. HP: 31/46 MP: 7/12
  4117 | D:6      | Reached skill level 1 in Shields
  4130 | D:6      | Reached skill level 3 in Long Blades
  4173 | D:6      | Found a hide-covered altar of Uskayaw.
  4173 | D:6      | Noticed a +0 falchion
  4173 | D:6      | Noticed a +0 short sword
  4175 | D:6      | Noticed a +0 spear
  4175 | D:6      | Noticed a +0 dagger
  4175 | D:6      | Noticed a +0 falchion
  4176 | D:6      | Noticed a +0 spear
  4176 | D:6      | Noticed a +0 short sword
  4176 | D:6      | Noticed a +0 dagger
  4346 | D:6      | Reached skill level 4 in Long Blades
  4963 | D:6      | Reached ** piety under Okawaru
  5061 | D:7      | Reached XP level 9. HP: 43/52 MP: 7/13
  5233 | D:7      | Reached skill level 1 in Throwing
  5360 | D:7      | Identified the +8 chain mail of the Big Bang {Rampage Int-3
                  | Dex+3 Stlth+}
  5461 | D:7      | Reached skill level 1 in Invocations
  5771 | D:8      | Reached skill level 5 in Dodging
  5775 | D:8      | Noticed a manticore
  5788 | D:8      | Killed a manticore
  5886 | D:8      | Reached *** piety under Okawaru
  6304 | D:8      | Found a runed translucent gate.
  6305 | D:8      | Found a runed translucent gate.
  6307 | D:8      | Found a runed translucent gate.
  6307 | D:8      | Noticed dcgrp's ghost (novice MeEE)
  6307 | D:8      | Noticed VoidStrider's ghost (novice OpEE)
  6864 | D:9      | Reached skill level 5 in Long Blades
  6922 | D:9      | Found a staircase to the Lair.
  7002 | D:9      | Reached XP level 10. HP: 45/58 MP: 14/14
  7035 | D:9      | Reached skill level 6 in Long Blades
  7064 | D:9      | Noticed a two-headed ogre
  7072 | D:9      | Killed a two-headed ogre
  7170 | D:9      | Noticed a two-headed ogre
  7171 | D:9      | Reached skill level 5 in Fighting
  7186 | D:8      | Reached **** piety under Okawaru
  7319 | D:9      | Received a gift from Okawaru
  7320 | D:9      | Reached skill level 7 in Long Blades
  7362 | D:9      | Killed a two-headed ogre
  7658 | D:10     | Entered Level 10 of the Dungeon
  7658 | D:10     | Noticed a gargoyle
  7665 | D:10     | Killed a gargoyle
  7666 | D:10     | Reached skill level 8 in Long Blades
  7713 | D:10     | Noticed a two-headed ogre
  7719 | D:10     | Killed a two-headed ogre
  7719 | D:10     | Received a gift from Okawaru
  7904 | D:10     | Noticed Snorg
  7927 | D:10     | Killed Snorg
  7927 | D:10     | Reached ***** piety under Okawaru
  7927 | D:10     | Received a gift from Okawaru
  7928 | D:10     | Reached skill level 9 in Long Blades
  7928 | D:10     | Reached skill level 5 in Shields
  7928 | D:10     | Reached XP level 11. HP: 22/64 MP: 15/15
  8131 | D:10     | Found a hazy altar of Hepliaklqana.
  8469 | D:10     | Found a snail-covered altar of Cheibriados.
  8486 | D:10     | Received a gift from Okawaru
  8495 | D:10     | Reached skill level 5 in Invocations
  8503 | D:10     | Found an ornate altar of the Wu Jian Council.
  8589 | D:11     | Reached skill level 10 in Long Blades
  8679 | D:11     | Found a staircase to the Orcish Mines.
  9459 | D:12     | Noticed a centaur warrior
  9522 | Lair:1   | Entered Level 1 of the Lair of Beasts
  9775 | Lair:1   | Reached skill level 11 in Long Blades
  9921 | Lair:1   | Reached XP level 12. HP: 69/70 MP: 17/17
  9939 | Lair:1   | Reached skill level 12 in Long Blades
  9949 | Lair:1   | Identified the +1 scale mail "Fomuemar" {*Slow Int+5}
                  | (Okawaru gifted it to you on level 1 of the Lair of Beasts)
  9949 | Lair:1   | Received a gift from Okawaru
 10417 | Lair:2   | Noticed a catoblepas
 10746 | Lair:2   | Noticed a boulder beetle
 10770 | Lair:2   | Killed a boulder beetle
 10907 | Lair:2   | Killed a catoblepas
 11288 | Lair:3   | Noticed an eight-headed hydra
 11300 | Lair:3   | Mangled by an eight-headed hydra

Illustrated notes

Levels and vault maps discovered:
D:1:      amcnicky_arrival_feature_with_door, layout_loops_corners
D:2:      layout_rooms, uniq_jessica
D:3:      layout_rooms, grunt_temple_overflow_holy_war, trog_hazing_becter,
          evilmike_ruin_ashenzari, mainiacjoe_overflow_alcove_1
D:4:      layout_loops_cross, mainiacjoe_overflow_tiny_flanked
D:5:      layout_rooms, grunt_temple_overflow_diamond, elyvilon_altar_4,
          minmay_temple_entry_butterflies
D:6:      layout_loops_ring, nicolae_uskayaw_en_pointe
D:7:      layout_loops_cross, st_stairs_1
D:8:      layout_cave_pods, gammafunk_ghost_cemetery, minmay_puff
D:9:      layout_basic, lair_entry_dummy, minmay_between
D:10:     layout_loops_cross, nicolae_hepliaklqana_hippocampus,
          mainiacjoe_overflow_big_doors, feat_on_display, uniq_snorg
D:11:     layout_gridville, david_orc_3
D:12:     layout_basic, uniq_josephine
Temple:   hellmonk_temple_two_chambers
Lair:1:   layout_loops_ring, dreamdust_mushroom_princess
Lair:2:   layout_chaotic_city, grunt_megastairs_5
Lair:3:   layout_roguey, nicolae_shoals_entry_flooding,
          nicolae_spider_entry_lesser_pyramids

Skill      XL: |  1  2  3  4  5  6  7  8  9 10 11 12 |
---------------+-------------------------------------+-----
Stealth        | 1 2 |  2.0
Armour         | 2 3 4 5 6 7 8 9 |  9.1
Fighting       | 3 4 5 6 |  6.7
Maces & Flails | 4 |  4.4
Short Blades   | 2 |  2.0
Dodging        | 3 4 5 6 |  6.1
Long Blades    | 2 4 5 9 11 12 | 12.8
Shields        | 3 4 5 6 |  6.3
Throwing       | 2 3 |  3.9
Invocations    | 3 4 5 6 |  6.1
Spellcasting   | |  2.0
Conjurations   | |  4.8
Necromancy     | |  0.8

Action                     |  1- 3 |  4- 6 |  7- 9 | 10-12 || total
---------------------------+-------+-------+-------+-------++-------
  Melee: Mace              |    50 |    84 |       |       ||   134
         Peck              |     9 |    26 |    50 |   121 ||   206
         Kick              |     9 |    47 |    74 |   180 ||   310
         Punch             |       |     5 |       |       ||     5
         Short sword       |       |   112 |       |       ||   112
         Falchion          |       |    26 |    12 |       ||    38
         Long sword        |       |       |   193 |       ||   193
         Scimitar          |       |       |    14 |   425 ||   439
  Throw: Dart              |       |       |    11 |    50 ||    61
         Boomerang         |       |       |     4 |    15 ||    19
         Javelin           |       |       |       |     2 ||     2
   Cast: Kiss of Death     |     2 |     4 |     2 |       ||     8
 Invoke: Reject Sacrifices |       |       |     1 |       ||     1
         Heroism           |       |       |     2 |     8 ||    10
         Finesse           |       |       |       |     1 ||     1
  Evoke: Wand              |       |       |       |     6 ||     6
    Use: Potion            |       |       |       |     3 ||     3
         Scroll            |       |       |       |     6 ||     6
   Stab: Petrifying        |       |       |       |     2 ||     2
 Armour: Leather armour    |    13 |       |       |       ||    13
         Swamp dragon scal |       |    76 |    41 |       ||   117
         Chain mail        |       |       |    58 |   225 ||   283
  Dodge: Dodged            |    29 |   158 |   132 |   124 ||   443
  Block: Kite shield       |       |       |   102 |   188 ||   290
